WCHLSIM.com - West Coast Hockey League
html PUBLIC "-//W3C//DTD XHTML 1.0 Transitional//EN" "http://www.w3.org/TR/xhtml1/DTD/xhtml1-transitional.dtd"> WCHL - Game 275 - NORTH DAKOTA HAWKS vs REGINA FALCONS

NORTH DAKOTA HAWKS vs REGINA FALCONS

Created - 23 décembre 2020 at 21:10

Goals
1 2 3 OT1 SO T
NORTH DAKOTA HAWKS 1 1 0 0 2 3
REGINA FALCONS 1 0 1 0 0 2
Shots
1 2 3 OT1 SO T
NORTH DAKOTA HAWKS 15 9 2 0 2 26
REGINA FALCONS 17 7 16 6 2 46

1st period

1. NORTH DAKOTA HAWKS , Nick Suzuki 6 (Dougie Hamilton 8, Brandon Sutter 4) at 1:49 (PP)
2. REGINA FALCONS , Jonathan Miller 16 (David Pastrnak 15) at 11:56 (PP)

Penalties :
Brenden Dillon (REG) for Holding (Minor) at 1:24, Brandon Carlo (REG) for Interference (Minor) at 3:29, Brent Burns (REG) for Hooking (Minor) at 8:24, Nic Dowd (NDH) for Holding (Minor) at 11:42, Marc Staal (NDH) for Slashing (Minor) at 12:09, Brenden Dillon (REG) for Hooking (Minor) at 19:32

2nd period

3. NORTH DAKOTA HAWKS , Frank Vatrano 3 (Dougie Hamilton 9, Ryan Carpenter 6) at 2:21 (SH)

Penalties :
Luke Kunin (NDH) for Charging (Minor) at 1:42, Dougie Hamilton (NDH) for Roughing (Minor) at 4:29, Dougie Hamilton (NDH) for Hooking (Minor) at 6:31, Brenden Dillon (REG) for Hooking (Minor) at 11:33

3rd period

4. REGINA FALCONS , Ryan Getzlaf 7 (David Pastrnak 16, Anton Khudobin) at 18:35 (PP)

Penalties :
Dougie Hamilton (NDH) for Hooking (Minor) at 3:59, Corey Perry (REG) for Tripping (Minor) at 17:26, Craig Smith (NDH) for High sticking (Minor) at 17:26, Alex Killorn (NDH) for Slashing (Minor) at 17:55

Overtime #1

No Goal

Penalties :
No Penalty

Shootout

NORTH DAKOTA HAWKS, Nick Suzuki - Goal!
REGINA FALCONS, Jonathan Miller - Stopped by Henrik Lundqvist
NORTH DAKOTA HAWKS, Alex Killorn - Goal!
REGINA FALCONS, Ryan Getzlaf - Stopped by Henrik Lundqvist

Penalties :
No Penalty

Goalie Stats

Henrik Lundqvist (NDH), 44 saves from 46 shots - (0,957), W, 4-5-1, 65:00 minutes
Anton Khudobin (REG), 24 saves from 26 shots - (0,923), OTL, 6-1-2, 65:00 minutes

Players Stats for NORTH DAKOTA HAWKS

Player Name              G  A  P  +/- PIM S  H  SB GA TA FO     MP     PP MP  PK MP  
------------------------------------------------------------------------------------
Alex Killorn             0  0  0   0  2   3  2  0  0  0  0/1    19:59   4:23   0:32 
Brandon Sutter           0  1  1   0  0   2  1  0  0  0  7/26   20:00   4:26   5:36 
Cody Eakin               0  0  0   0  0   0  0  0  0  0  6/10    6:56   0:00   0:00 
Craig Smith              0  0  0   0  2   2  0  0  0  0  0/1    17:42   3:55   4:47 
Dillon Dube              0  0  0   0  0   1  1  0  0  0  0/1     9:19   0:00   0:00 
Dougie Hamilton          0  2  2   1  6   4  1  3  0  0  0/0    25:03   4:26   2:20 
Frank Vatrano            1  0  1   1  0   4  0  0  0  0  3/5    22:28   3:58   5:19 
Johnny Boychuk           0  0  0   0  0   1  0  3  0  0  0/0    19:52   0:00   6:29 
Luke Kunin               0  0  0   0  2   2  2  0  0  0  0/1    16:40   4:23   0:00 
Marc Staal               0  0  0   0  2   0  1  3  0  0  0/0    18:09   0:00   4:47 
Martin Marincin          0  0  0   0  0   1  1  1  0  0  0/0    10:32   0:00   0:00 
Matthew Nieto            0  0  0   0  0   0  0  0  0  0  1/2     6:37   0:00   0:00 
Nic Dowd                 0  0  0   0  2   1  1  0  0  0  7/18   11:16   0:00   0:00 
Nick Suzuki              1  0  1   0  0   3  0  0  0  0  9/27   19:47   4:23   0:00 
Quinton Hughes           0  0  0   0  0   2  0  0  0  0  0/0    24:45   3:55   3:24 
Ryan Carpenter           0  1  1   1  0   0  0  0  0  0  9/17   16:10   3:58   5:42 
Ryan Lindgren            0  0  0   1  0   0  1  1  0  0  0/0    18:14   0:00   5:36 
Zack Kassian             0  0  0   0  0   0  0  0  0  0  0/0    18:06   3:58   0:00 

Players Stats for REGINA FALCONS

Player Name              G  A  P  +/- PIM S  H  SB GA TA FO     MP     PP MP  PK MP  
------------------------------------------------------------------------------------
Anton Stralman           0  0  0   0  0   2  0  0  0  0  0/0    26:01   4:49   3:50 
Brandon Carlo            0  0  0  -1  2   0  1  0  0  0  0/0    20:48   5:49   0:06 
Brenden Dillon           0  0  0   0  6   0  2  3  0  0  0/0    11:02   0:00   1:47 
Brent Burns              0  0  0  -1  2   1  1  1  0  0  0/0    26:08   5:49   2:38 
Corey Perry              0  0  0   0  2   1  2  0  0  0  1/2     8:32   0:00   0:00 
David Pastrnak           0  2  2  -1  0   4  0  0  0  0  1/1    23:57   6:03   0:00 
Denis Malgin             0  0  0   0  0   0  0  0  0  0  6/13    5:24   0:00   4:38 
Derick Brassard          0  0  0   0  0   2  1  0  0  0  9/14    9:52   0:00   0:00 
Erik Gustafsson          0  0  0   0  0   0  0  0  0  0  0/0     0:00   0:00   0:00 
Erik Johnson             0  0  0   0  0   3  0  2  0  0  0/0    27:07   4:49   3:50 
Filip Zadina             0  0  0   0  0   5  0  0  0  0  1/2    12:16   0:00   3:43 
Jonathan Audy-Marchessau 0  0  0   0  0   3  1  0  0  0  0/0    19:40   4:35   0:00 
Jonathan Miller          1  0  1  -1  0   8  1  1  0  0  31/41  27:34   6:03   3:43 
Marc-Edouard Vlasic      0  0  0   0  0   0  0  2  0  0  0/0    13:49   0:00   4:31 
Matt Martin              0  0  0   0  0   0  0  0  0  0  1/2     5:24   0:00   4:38 
Max Pacioretty           0  0  0  -1  0   4  2  0  0  0  2/2    22:20   6:03   0:00 
Patrik Laine             0  0  0   0  0   6  1  0  0  0  0/1    20:35   4:35   0:00 
Ryan Getzlaf             1  0  1   0  0   7  3  0  0  0  15/31  24:05   4:35   0:00 

3 Stars

1 - Henrik Lundqvist (NDH)
2 - Frank Vatrano (NDH)
3 - Ryan Getzlaf (REG)

Power Play

NORTH DAKOTA HAWKS - 1 on 5 Attempt(s) - 20,00%
REGINA FALCONS - 2 on 7 Attempt(s) - 28,57%

Penalty Kill

NORTH DAKOTA HAWKS - 5 on 7 Attempt(s) - 71,43% - Score 1 goal in Penalty Kill
REGINA FALCONS - 4 on 5 Attempt(s) - 80,00% - Score 0 goal in Penalty Kill

Team Stat

NORTH DAKOTA HAWKS - Hits : 11 - Faceoff Wins : 42 - Blocked Shots : 11 - Penalty Minutes : 16
REGINA FALCONS - Hits : 15 - Faceoff Wins : 67 - Blocked Shots : 9 - Penalty Minutes : 12

Official

Referees : TJ Luxmore and Jake Brenk
Linesman : Kiel Murchison and Travis Toomey

Game Notes

No Game Note

Finance

Level 1 -- Attendance: 4086 (68,10%) -- Ticket Income 1 021 500 $
Level 2 -- Attendance: 2470 (49,40%) -- Ticket Income 494 000 $
Level 3 -- Attendance: 1266 (63,30%) -- Ticket Income 189 900 $
Level 4 -- Attendance: 2587 (64,68%) -- Ticket Income 258 700 $
Luxury Box -- Attendance: 1000 (100,00%) -- Ticket Income 220 000 $
Game was played at the Larouche Arena.
Total Attendance: 11409 (63,38%)
Total Ticket Income: 2 184 100 $
Other Income: 764 435 $
Total Income: 2 948 535 $

NORTH DAKOTA HAWKS

5 vs 5 Forward 
   Center                   Left Wing                Right Wing               Time % Phy DF OF 
 1 Nick Suzuki              Alex Killorn             Luke Kunin               28     1   2  2  
 2 Nic Dowd                 Frank Vatrano            Zack Kassian             28     1   2  2  
 3 Brandon Sutter           Dillon Dube              Craig Smith              24     1   2  2  
 4 Cody Eakin               Matthew Nieto            Ryan Carpenter           20     0   4  1  

5 vs 5 Defense 
   Defense                  Defense                                           Time % Phy DF OF 
 1 Quinton Hughes           Dougie Hamilton                                   35     1   2  2  
 2 Marc Staal               Johnny Boychuk                                    35     1   2  2  
 3 Ryan Lindgren            Martin Marincin                                   18     1   2  2  
 4 Ryan Lindgren            Dougie Hamilton                                   12     1   2  2  

PowerPlay Forward 
   Center                   Left Wing                Right Wing               Time % Phy DF OF 
 1 Nick Suzuki              Alex Killorn             Luke Kunin               50     1   2  2  
 2 Ryan Carpenter           Frank Vatrano            Zack Kassian             50     1   2  2  

PowerPlay Defense
   Defense                  Defense                                           Time % Phy DF OF 
 1 Dougie Hamilton          Brandon Sutter                                    50     1   2  2  
 2 Quinton Hughes           Craig Smith                                       50     1   2  2  

Penalty Kill 4 Players Forward 
   Center                   Wing                     Time % Phy DF OF 
 1 Ryan Carpenter           Frank Vatrano            50     1   2  2  
 2 Brandon Sutter           Craig Smith              50     1   2  2  

Penalty Kill 4 Players Defense
   Defense                  Defense                  Time % Phy DF OF 
 1 Marc Staal               Johnny Boychuk           50     1   2  2  
 2 Ryan Lindgren            Dougie Hamilton          50     1   2  2  

Penalty Kill - 3 Players Forward 
   Forward                                           Time % Phy DF OF 
 1 Ryan Carpenter                                    50     1   2  2  
 2 Brandon Sutter                                    50     1   2  2  

Penalty Kill - 3 Players Defense
   Defense                  Defense                  Time % Phy DF OF 
 1 Marc Staal               Johnny Boychuk           50     1   2  2  
 2 Ryan Lindgren            Dougie Hamilton          50     1   2  2  

4 vs 4 Forward 
   Center                   Wing                     Time % Phy DF OF 
 1 Nick Suzuki              Alex Killorn             50     1   2  2  
 2 Brandon Sutter           Zack Kassian             50     1   2  2  

4 vs 4 Defense
   Defense                  Defense                  Time % Phy DF OF 
 1 Quinton Hughes           Dougie Hamilton          50     1   2  2  
 2 Marc Staal               Johnny Boychuk           50     1   2  2  

Last Minutes Offensive
   Center                   Left Wing                Right Wing               Defense                  Defense                  
   Nick Suzuki              Alex Killorn             Luke Kunin               Marc Staal               Dougie Hamilton          

Last Minutes Defensive
   Center                   Left Wing                Right Wing               Defense                  Defense                  
   Brandon Sutter           Frank Vatrano            Craig Smith              Ryan Lindgren            Johnny Boychuk           

Goaltenders
Starting : Henrik Lundqvist         
Backup : Michael DiPietro         

Extra Forwards
Normal : Cody Eakin, Matthew Nieto, Dillon Dube - PP : Dillon Dube, Cody Eakin - PK : Alex Killorn
Extra Defensemen
Normal : Dougie Hamilton, Johnny Boychuk, Marc Staal - PP : Ryan Lindgren - PK : Quinton Hughes, Dougie Hamilton
Penalty Shots
Nick Suzuki, Alex Killorn, Zack Kassian, Craig Smith, Quinton Hughes
Custom OT Lines Forwards
Nick Suzuki, Alex Killorn, Zack Kassian, Frank Vatrano, Ryan Carpenter, Luke Kunin, Brandon Sutter, Craig Smith, Dillon Dube, Cody Eakin
Custom OT Lines Defensemen
Quinton Hughes, Dougie Hamilton, Ryan Lindgren, Marc Staal, Johnny Boychuk

Scratches
Connor Clifton (Healthy), Jack Hughes (Healthy), Josh Brown (Healthy), Nick Bjugstad (Healthy), Cameron Talbot (Healthy)

REGINA FALCONS

5 vs 5 Forward 
   Center                   Left Wing                Right Wing               Time % Phy DF OF 
 1 Jonathan Miller          Max Pacioretty           David Pastrnak           36     0   1  4  
 2 Ryan Getzlaf             Patrik Laine             Jonathan Audy-Marchessaul34     0   1  4  
 3 Derick Brassard          Filip Zadina             Corey Perry              24     0   3  2  
 4 Denis Malgin             Matt Martin              Derick Brassard          6      1   3  1  

5 vs 5 Defense 
   Defense                  Defense                                           Time % Phy DF OF 
 1 Brent Burns              Brandon Carlo                                     38     0   3  2  
 2 Erik Johnson             Anton Stralman                                    34     0   4  1  
 3 Brenden Dillon           Marc-Edouard Vlasic                               18     0   4  1  
 4 Brenden Dillon           Marc-Edouard Vlasic                               10     0   4  1  

PowerPlay Forward 
   Center                   Left Wing                Right Wing               Time % Phy DF OF 
 1 Jonathan Miller          Max Pacioretty           David Pastrnak           55     0   1  4  
 2 Ryan Getzlaf             Patrik Laine             Jonathan Audy-Marchessaul45     0   1  4  

PowerPlay Defense
   Defense                  Defense                                           Time % Phy DF OF 
 1 Brent Burns              Brandon Carlo                                     55     0   2  3  
 2 Erik Johnson             Anton Stralman                                    45     0   2  3  

Penalty Kill 4 Players Forward 
   Center                   Wing                     Time % Phy DF OF 
 1 Denis Malgin             Matt Martin              55     1   4  0  
 2 Jonathan Miller          Filip Zadina             45     1   4  0  

Penalty Kill 4 Players Defense
   Defense                  Defense                  Time % Phy DF OF 
 1 Marc-Edouard Vlasic      Brenden Dillon           55     1   4  0  
 2 Erik Johnson             Anton Stralman           45     1   4  0  

Penalty Kill - 3 Players Forward 
   Forward                                           Time % Phy DF OF 
 1 Denis Malgin                                      55     0   5  0  
 2 Ryan Getzlaf                                      45     0   5  0  

Penalty Kill - 3 Players Defense
   Defense                  Defense                  Time % Phy DF OF 
 1 Erik Johnson             Anton Stralman           55     0   5  0  
 2 Marc-Edouard Vlasic      Brent Burns              45     0   5  0  

4 vs 4 Forward 
   Center                   Wing                     Time % Phy DF OF 
 1 Ryan Getzlaf             David Pastrnak           55     0   1  4  
 2 Jonathan Miller          Patrik Laine             45     0   4  1  

4 vs 4 Defense
   Defense                  Defense                  Time % Phy DF OF 
 1 Brent Burns              Brandon Carlo            55     0   3  2  
 2 Erik Johnson             Anton Stralman           45     0   4  1  

Last Minutes Offensive
   Center                   Left Wing                Right Wing               Defense                  Defense                  
   Jonathan Miller          Max Pacioretty           David Pastrnak           Brent Burns              Brandon Carlo            

Last Minutes Defensive
   Center                   Left Wing                Right Wing               Defense                  Defense                  
   Ryan Getzlaf             Jonathan Miller          David Pastrnak           Erik Johnson             Anton Stralman           

Goaltenders
Starting : Anton Khudobin           
Backup : Tristan Jarry            

Extra Forwards
Normal : Jonathan Audy-Marchessault, Corey Perry, Derick Brassard - PP : Jonathan Audy-Marchessault, Patrik Laine - PK : Matt Martin
Extra Defensemen
Normal : Brenden Dillon, Brent Burns, Marc-Edouard Vlasic - PP : Erik Gustafsson - PK : Brent Burns, Brandon Carlo
Penalty Shots
Jonathan Miller, Ryan Getzlaf, David Pastrnak, Max Pacioretty, Patrik Laine
Custom OT Lines Forwards
Jonathan Miller, Ryan Getzlaf, David Pastrnak, Max Pacioretty, Patrik Laine, Derick Brassard, Jonathan Audy-Marchessault, Corey Perry, Matt Martin, Denis Malgin
Custom OT Lines Defensemen
Brent Burns, Erik Johnson, Anton Stralman, Brandon Carlo, Marc-Edouard Vlasic

Scratches
None


% Time on Ice - NORTH DAKOTA HAWKS

Lines # - Real PCT - Wanted PCT - Time Play
Normal Forward
1 - 31% - 28% - 12:07
2 - 29% - 28% - 11:17
3 - 23% - 24% - 9:01
4 - 17% - 20% - 6:37
Normal Defense
1 - 36% - 35% - 13:57
2 - 32% - 35% - 12:38
3 - 27% - 18% - 10:32
4 - 5% - 12% - 1:55
PP Forward
1 - 52% - 50% - 4:23
2 - 48% - 50% - 3:58
PP Defense
1 - 53% - 50% - 4:26
2 - 47% - 50% - 3:55
PK Forward
1 - 50% - 50% - 5:19
2 - 50% - 50% - 5:19
PK Defense
1 - 43% - 50% - 4:37
2 - 57% - 50% - 6:01
PK3 Forward
1 - 58% - 50% - 0:23
2 - 43% - 50% - 0:17
PK3 Defense
1 - 48% - 50% - 0:19
2 - 53% - 50% - 0:21
44 Forward
1 - 28% - 50% - 0:22
2 - 72% - 50% - 0:57
44 Defense
1 - 43% - 50% - 0:34
2 - 57% - 50% - 0:45
Last Minute Offensive  - 0:00
Last Minute Defensive  - 0:00
Total
Forward - 60:00
Defense - 60:00

% Time on Ice - REGINA FALCONS

Lines # - Real PCT - Wanted PCT - Time Play
Normal Forward
1 - 37% - 36% - 14:38
2 - 39% - 34% - 15:05
3 - 22% - 24% - 8:33
4 - 2% - 6% - 0:46
Normal Defense
1 - 36% - 38% - 14:09
2 - 40% - 34% - 15:35
3 - 18% - 18% - 6:59
4 - 6% - 10% - 2:19
PP Forward
1 - 57% - 55% - 6:03
2 - 43% - 45% - 4:35
PP Defense
1 - 55% - 55% - 5:49
2 - 45% - 45% - 4:49
PK Forward
1 - 55% - 55% - 4:38
2 - 45% - 45% - 3:43
PK Defense
1 - 54% - 55% - 4:31
2 - 46% - 45% - 3:50
PK3 Forward
1 - 0% - 55%
2 - 0% - 45%
PK3 Defense
1 - 0% - 55%
2 - 0% - 45%
44 Forward
1 - 82% - 55% - 1:37
2 - 18% - 45% - 0:22
44 Defense
1 - 38% - 55% - 0:45
2 - 62% - 45% - 1:14
Last Minute Offensive  - 0:00
Last Minute Defensive  - 0:00
Total
Forward - 60:00
Defense - 60:00

Play-by-Play

1st period


0:01 of 1st period - Jonathan Miller wins face-off versus Alex Killorn in neutral zone.
0:14 of 1st period - Shot by Jonathan Miller.
0:14 of 1st period - Deflect By David Pastrnak.
0:14 of 1st period - Shot Blocked by Dougie Hamilton.
0:28 of 1st period - Shot by Luke Kunin.
0:28 of 1st period - Shot Misses the Net.
0:42 of 1st period - Shot by David Pastrnak.
0:42 of 1st period - Stopped by Henrik Lundqvist without a rebound.
0:43 of 1st period - Nic Dowd wins face-off versus Ryan Getzlaf in NORTH DAKOTA HAWKS zone.
0:43 of 1st period - Nic Dowd is hit by Jonathan Audy-Marchessault.
1:05 of 1st period - Shot by Patrik Laine.
1:05 of 1st period - Stopped by Henrik Lundqvist without a rebound.
1:06 of 1st period - Derick Brassard wins face-off versus Brandon Sutter in NORTH DAKOTA HAWKS zone.
1:20 of 1st period - Derick Brassard is hit by Dillon Dube and loses puck.
1:24 of 1st period - Minor Penalty to Brenden Dillon for Holding.
1:25 of 1st period - Nick Suzuki wins face-off versus Denis Malgin in REGINA FALCONS zone.
1:47 of 1st period - Shot by Dougie Hamilton.
1:47 of 1st period - Shot Misses the Net.
1:49 of 1st period - Shot by Nick Suzuki.
1:49 of 1st period - Goal by Nick Suzuki - NORTH DAKOTA HAWKS : 1 - REGINA FALCONS : 0.
1:50 of 1st period - Cody Eakin wins face-off versus Ryan Getzlaf in neutral zone.
2:13 of 1st period - Shot by Ryan Getzlaf.
2:13 of 1st period - Shot Misses the Net.
2:15 of 1st period - Shot by Anton Stralman.
2:15 of 1st period - Stopped by Henrik Lundqvist with a rebound.
2:17 of 1st period - Shot by Ryan Getzlaf.
2:17 of 1st period - Shot Blocked by Johnny Boychuk.
2:19 of 1st period - Shot by Erik Johnson.
2:19 of 1st period - Shot Misses the Net.
2:21 of 1st period - Shot by Erik Johnson.
2:21 of 1st period - Deflect By Patrik Laine.
2:21 of 1st period - Stopped by Henrik Lundqvist with a rebound.
2:27 of 1st period - Shot by Patrik Laine.
2:27 of 1st period - Stopped by Henrik Lundqvist without a rebound.
2:28 of 1st period - Derick Brassard wins face-off versus Nic Dowd in NORTH DAKOTA HAWKS zone.
2:35 of 1st period - Shot by Corey Perry.
2:35 of 1st period - Stopped by Henrik Lundqvist without a rebound.
2:36 of 1st period - Jonathan Miller wins face-off versus Brandon Sutter in NORTH DAKOTA HAWKS zone.
2:49 of 1st period - Shot by David Pastrnak.
2:49 of 1st period - Deflect By Jonathan Miller.
2:49 of 1st period - Stopped by Henrik Lundqvist without a rebound.
2:50 of 1st period - Nic Dowd wins face-off versus Derick Brassard in NORTH DAKOTA HAWKS zone.
2:50 of 1st period - Nic Dowd is hit by Derick Brassard.
3:01 of 1st period - Icing by Brenden Dillon.
3:02 of 1st period - Derick Brassard wins face-off versus Brandon Sutter in REGINA FALCONS zone.
3:02 of 1st period - Corey Perry is hit by Brandon Sutter and loses puck.
3:14 of 1st period - Icing by Dougie Hamilton.
3:15 of 1st period - Jonathan Miller wins face-off versus Brandon Sutter in NORTH DAKOTA HAWKS zone.
3:29 of 1st period - Minor Penalty to Brandon Carlo for Interference.
3:30 of 1st period - Ryan Carpenter wins face-off versus Denis Malgin in REGINA FALCONS zone.
3:33 of 1st period - Shot by Quinton Hughes.
3:33 of 1st period - Stopped by Anton Khudobin without a rebound.
3:34 of 1st period - Ryan Carpenter wins face-off versus Denis Malgin in REGINA FALCONS zone.
4:03 of 1st period - Shot by Dougie Hamilton.
4:03 of 1st period - Shot Misses the Net.
4:11 of 1st period - Shot by Frank Vatrano.
4:11 of 1st period - Shot Blocked by Erik Johnson.
4:13 of 1st period - Shot by Brandon Sutter.
4:13 of 1st period - Shot Hit the Post.
4:15 of 1st period - Shot by Dougie Hamilton.
4:15 of 1st period - Stopped by Anton Khudobin without a rebound.
4:16 of 1st period - Jonathan Miller wins face-off versus Nick Suzuki in REGINA FALCONS zone.
4:16 of 1st period - Jonathan Miller is hit by Alex Killorn.
4:38 of 1st period - Shot by Luke Kunin.
4:38 of 1st period - Stopped by Anton Khudobin without a rebound.
4:39 of 1st period - Nick Suzuki wins face-off versus Matt Martin in REGINA FALCONS zone.
5:23 of 1st period - Shot by Dougie Hamilton.
5:23 of 1st period - Shot Blocked by Brenden Dillon.
5:30 of 1st period - Icing by Brandon Sutter.
5:31 of 1st period - Ryan Getzlaf wins face-off versus Cody Eakin in NORTH DAKOTA HAWKS zone.
5:32 of 1st period - Shot by Patrik Laine.
5:32 of 1st period - Stopped by Henrik Lundqvist without a rebound.
5:33 of 1st period - Nic Dowd wins face-off versus Ryan Getzlaf in NORTH DAKOTA HAWKS zone.
5:35 of 1st period - Icing by Frank Vatrano.
5:36 of 1st period - Nic Dowd wins face-off versus Jonathan Miller in NORTH DAKOTA HAWKS zone.
5:36 of 1st period - Nic Dowd is hit by Max Pacioretty.
6:05 of 1st period - Shot by David Pastrnak.
6:05 of 1st period - Shot Misses the Net.
6:07 of 1st period - Shot by Erik Johnson.
6:07 of 1st period - Shot Misses the Net.
6:09 of 1st period - Shot by David Pastrnak.
6:09 of 1st period - Shot Blocked by Marc Staal.
6:21 of 1st period - Shot by Max Pacioretty.
6:21 of 1st period - Stopped by Henrik Lundqvist with a rebound.
7:01 of 1st period - Shot by Nick Suzuki.
7:01 of 1st period - Stopped by Anton Khudobin with a rebound.
7:15 of 1st period - Shot by Nick Suzuki.
7:15 of 1st period - Shot Misses the Net.
7:17 of 1st period - Shot by Dougie Hamilton.
7:17 of 1st period - Shot Misses the Net.
7:19 of 1st period - Shot by Dougie Hamilton.
7:19 of 1st period - Stopped by Anton Khudobin without a rebound.
7:20 of 1st period - Cody Eakin wins face-off versus Derick Brassard in REGINA FALCONS zone.
7:29 of 1st period - Shot by Cody Eakin.
7:29 of 1st period - Shot Misses the Net.
7:43 of 1st period - Shot by Ryan Carpenter.
7:43 of 1st period - Shot Blocked by Brenden Dillon.
7:45 of 1st period - Shot by Martin Marincin.
7:45 of 1st period - Stopped by Anton Khudobin without a rebound.
7:46 of 1st period - Ryan Getzlaf wins face-off versus Brandon Sutter in REGINA FALCONS zone.
8:04 of 1st period - Ryan Getzlaf is hit by Dougie Hamilton and loses puck.
8:24 of 1st period - Minor Penalty to Brent Burns for Hooking.
8:25 of 1st period - Denis Malgin wins face-off versus Ryan Carpenter in REGINA FALCONS zone.
8:44 of 1st period - Shot by Dougie Hamilton.
8:44 of 1st period - Shot Blocked by Erik Johnson.
8:46 of 1st period - Shot by Frank Vatrano.
8:46 of 1st period - Stopped by Anton Khudobin without a rebound.
8:47 of 1st period - Jonathan Miller wins face-off versus Nick Suzuki in REGINA FALCONS zone.
9:04 of 1st period - Shot by Alex Killorn.
9:04 of 1st period - Stopped by Anton Khudobin without a rebound.
9:05 of 1st period - Ryan Carpenter wins face-off versus Denis Malgin in REGINA FALCONS zone.
10:41 of 1st period - Icing by Brent Burns.
10:42 of 1st period - Nick Suzuki wins face-off versus Ryan Getzlaf in REGINA FALCONS zone.
10:43 of 1st period - Shot by Alex Killorn.
10:43 of 1st period - Stopped by Anton Khudobin with a rebound.
11:04 of 1st period - Shot by Brent Burns.
11:04 of 1st period - Shot Misses the Net.
11:12 of 1st period - Brandon Carlo is hit by Alex Killorn and loses puck.
11:24 of 1st period - Icing by Luke Kunin.
11:25 of 1st period - Jonathan Miller wins face-off versus Nick Suzuki in NORTH DAKOTA HAWKS zone.
11:41 of 1st period - Off-side.
11:42 of 1st period - Corey Perry wins face-off versus Nic Dowd in neutral zone.
11:42 of 1st period - Minor Penalty to Nic Dowd for Holding.
11:43 of 1st period - Jonathan Miller wins face-off versus Ryan Carpenter in NORTH DAKOTA HAWKS zone.
11:54 of 1st period - Shot by David Pastrnak.
11:54 of 1st period - Shot Misses the Net.
11:56 of 1st period - Shot by Jonathan Miller.
11:56 of 1st period - Goal by Jonathan Miller - NORTH DAKOTA HAWKS : 1 - REGINA FALCONS : 1.
11:57 of 1st period - Derick Brassard wins face-off versus Brandon Sutter in neutral zone.
12:04 of 1st period - Shot by Filip Zadina.
12:04 of 1st period - Stopped by Henrik Lundqvist without a rebound.
12:05 of 1st period - Jonathan Miller wins face-off versus Nic Dowd in NORTH DAKOTA HAWKS zone.
12:09 of 1st period - Minor Penalty to Marc Staal for Slashing.
12:10 of 1st period - Jonathan Miller wins face-off versus Brandon Sutter in NORTH DAKOTA HAWKS zone.
12:17 of 1st period - Shot by David Pastrnak.
12:17 of 1st period - Shot Misses the Net.
12:21 of 1st period - Shot by David Pastrnak.
12:21 of 1st period - Stopped by Henrik Lundqvist with a rebound.
12:23 of 1st period - Shot by Brent Burns.
12:23 of 1st period - Deflect By Jonathan Miller.
12:23 of 1st period - Stopped by Henrik Lundqvist without a rebound.
12:24 of 1st period - Ryan Getzlaf wins face-off versus Ryan Carpenter in NORTH DAKOTA HAWKS zone.
12:59 of 1st period - Shot by Patrik Laine.
12:59 of 1st period - Shot Misses the Net.
13:15 of 1st period - Icing by Erik Johnson.
13:16 of 1st period - Brandon Sutter wins face-off versus Ryan Getzlaf in REGINA FALCONS zone.
13:19 of 1st period - Shot by Craig Smith.
13:19 of 1st period - Shot Misses the Net.
13:39 of 1st period - Shot by Craig Smith.
13:39 of 1st period - Shot Misses the Net.
13:41 of 1st period - Shot by Dougie Hamilton.
13:41 of 1st period - Stopped by Anton Khudobin with a rebound.
13:43 of 1st period - Shot by Brandon Sutter.
13:43 of 1st period - Shot Misses the Net.
13:57 of 1st period - Shot by Frank Vatrano.
13:57 of 1st period - Stopped by Anton Khudobin without a rebound.
13:58 of 1st period - Ryan Carpenter wins face-off versus Jonathan Miller in REGINA FALCONS zone.
14:26 of 1st period - Shot by Filip Zadina.
14:26 of 1st period - Shot Misses the Net.
14:42 of 1st period - Shot by Nick Suzuki.
14:42 of 1st period - Shot Blocked by Marc-Edouard Vlasic.
14:44 of 1st period - Shot by Ryan Lindgren.
14:44 of 1st period - Shot Misses the Net.
14:46 of 1st period - Shot by Martin Marincin.
14:46 of 1st period - Shot Blocked by Marc-Edouard Vlasic.
15:55 of 1st period - Icing by Johnny Boychuk.
15:56 of 1st period - Frank Vatrano wins face-off versus Patrik Laine in NORTH DAKOTA HAWKS zone.
16:24 of 1st period - Shot by Ryan Getzlaf.
16:24 of 1st period - Stopped by Henrik Lundqvist with a rebound.
16:53 of 1st period - Icing by Brenden Dillon.
16:54 of 1st period - Matthew Nieto wins face-off versus Filip Zadina in REGINA FALCONS zone.
16:57 of 1st period - Shot by Quinton Hughes.
16:57 of 1st period - Stopped by Anton Khudobin without a rebound.
16:58 of 1st period - Ryan Carpenter wins face-off versus Jonathan Miller in REGINA FALCONS zone.
17:12 of 1st period - Icing by Dougie Hamilton.
17:13 of 1st period - Cody Eakin wins face-off versus Corey Perry in NORTH DAKOTA HAWKS zone.
17:17 of 1st period - Off-side.
17:18 of 1st period - Jonathan Miller wins face-off versus Nick Suzuki in neutral zone.
17:33 of 1st period - Shot by Nick Suzuki.
17:33 of 1st period - Shot Hit the Post.
17:55 of 1st period - Shot by Alex Killorn.
17:55 of 1st period - Stopped by Anton Khudobin without a rebound.
17:56 of 1st period - Brandon Sutter wins face-off versus Ryan Getzlaf in REGINA FALCONS zone.
17:57 of 1st period - Shot by Dillon Dube.
17:57 of 1st period - Shot Blocked by Brent Burns.
18:30 of 1st period - Shot by Patrik Laine.
18:30 of 1st period - Deflect By Jonathan Audy-Marchessault.
18:30 of 1st period - Stopped by Henrik Lundqvist without a rebound.
18:31 of 1st period - Jonathan Miller wins face-off versus Nic Dowd in NORTH DAKOTA HAWKS zone.
18:45 of 1st period - Shot by David Pastrnak.
18:45 of 1st period - Stopped by Henrik Lundqvist with a rebound.
18:47 of 1st period - Shot by Erik Johnson.
18:47 of 1st period - Stopped by Henrik Lundqvist without a rebound.
18:48 of 1st period - Derick Brassard wins face-off versus Matthew Nieto in NORTH DAKOTA HAWKS zone.
18:48 of 1st period - Derick Brassard is hit by Martin Marincin.
18:52 of 1st period - Shot by Filip Zadina.
18:52 of 1st period - Shot Misses the Net.
18:57 of 1st period - Ryan Carpenter is hit by Corey Perry and loses puck.
19:04 of 1st period - Shot by Ryan Carpenter.
19:04 of 1st period - Shot Misses the Net.
19:13 of 1st period - Cody Eakin is hit by Brenden Dillon.
19:30 of 1st period - Ryan Carpenter is hit by Brenden Dillon and loses puck.
19:32 of 1st period - Minor Penalty to Brenden Dillon for Hooking.
19:33 of 1st period - Nick Suzuki wins face-off versus Denis Malgin in REGINA FALCONS zone.
19:36 of 1st period - Shot by Luke Kunin.
19:36 of 1st period - Stopped by Anton Khudobin without a rebound.
19:37 of 1st period - Denis Malgin wins face-off versus Nick Suzuki in REGINA FALCONS zone.
19:55 of 1st period - Shot by Dougie Hamilton.
19:55 of 1st period - Shot Misses the Net.
Goals for this period are 1 for NORTH DAKOTA HAWKS vs 1 for REGINA FALCONS.
Shots for this period are 15 for NORTH DAKOTA HAWKS vs 17 for REGINA FALCONS.

2nd period


0:01 of 2nd period - Ryan Carpenter wins face-off versus Denis Malgin in neutral zone.
0:08 of 2nd period - Shot by Craig Smith.
0:08 of 2nd period - Stopped by Anton Khudobin without a rebound.
0:09 of 2nd period - Matt Martin wins face-off versus Nick Suzuki in REGINA FALCONS zone.
0:28 of 2nd period - Shot by Dougie Hamilton.
0:28 of 2nd period - Shot Misses the Net.
0:30 of 2nd period - Shot by Nick Suzuki.
0:30 of 2nd period - Stopped by Anton Khudobin without a rebound.
0:31 of 2nd period - Denis Malgin wins face-off versus Ryan Carpenter in REGINA FALCONS zone.
0:39 of 2nd period - Icing by Ryan Carpenter.
0:40 of 2nd period - Denis Malgin wins face-off versus Ryan Carpenter in NORTH DAKOTA HAWKS zone.
1:42 of 2nd period - Minor Penalty to Luke Kunin for Charging.
1:43 of 2nd period - Jonathan Miller wins face-off versus Brandon Sutter in NORTH DAKOTA HAWKS zone.
2:17 of 2nd period - Icing by David Pastrnak.
2:18 of 2nd period - Ryan Carpenter wins face-off versus Jonathan Miller in REGINA FALCONS zone.
2:21 of 2nd period - Shot by Frank Vatrano.
2:21 of 2nd period - Goal by Frank Vatrano - NORTH DAKOTA HAWKS : 2 - REGINA FALCONS : 1.
2:22 of 2nd period - Brandon Sutter wins face-off versus Ryan Getzlaf in neutral zone.
2:38 of 2nd period - Shot by Erik Johnson.
2:38 of 2nd period - Stopped by Henrik Lundqvist with a rebound.
2:46 of 2nd period - Shot by Jonathan Audy-Marchessault.
2:46 of 2nd period - Stopped by Henrik Lundqvist without a rebound.
2:47 of 2nd period - Jonathan Miller wins face-off versus Brandon Sutter in NORTH DAKOTA HAWKS zone.
3:32 of 2nd period - Shot by Max Pacioretty.
3:32 of 2nd period - Stopped by Henrik Lundqvist without a rebound.
3:33 of 2nd period - Ryan Carpenter wins face-off versus Ryan Getzlaf in NORTH DAKOTA HAWKS zone.
3:46 of 2nd period - Icing by Marc Staal.
3:47 of 2nd period - Nick Suzuki wins face-off versus Ryan Getzlaf in NORTH DAKOTA HAWKS zone.
4:28 of 2nd period - Shot by Ryan Getzlaf.
4:28 of 2nd period - Stopped by Henrik Lundqvist without a rebound.
4:29 of 2nd period - David Pastrnak wins face-off versus Nic Dowd in NORTH DAKOTA HAWKS zone.
4:29 of 2nd period - Minor Penalty to Dougie Hamilton for Roughing.
4:30 of 2nd period - Jonathan Miller wins face-off versus Frank Vatrano in NORTH DAKOTA HAWKS zone.
6:06 of 2nd period - Shot by Patrik Laine.
6:06 of 2nd period - Shot Blocked by Johnny Boychuk.
6:08 of 2nd period - Shot by Anton Stralman.
6:08 of 2nd period - Deflect By Ryan Getzlaf.
6:08 of 2nd period - Shot Misses the Net.
6:10 of 2nd period - Shot by Ryan Getzlaf.
6:10 of 2nd period - Shot Misses the Net.
6:22 of 2nd period - Icing by Brent Burns.
6:23 of 2nd period - Jonathan Miller wins face-off versus Brandon Sutter in REGINA FALCONS zone.
6:31 of 2nd period - Minor Penalty to Dougie Hamilton for Hooking.
6:32 of 2nd period - Jonathan Miller wins face-off versus Brandon Sutter in NORTH DAKOTA HAWKS zone.
6:42 of 2nd period - Icing by Brent Burns.
6:43 of 2nd period - Brandon Sutter wins face-off versus Jonathan Miller in REGINA FALCONS zone.
6:56 of 2nd period - Ryan Lindgren is hit by Max Pacioretty and loses puck.
7:51 of 2nd period - Shot by Patrik Laine.
7:51 of 2nd period - Stopped by Henrik Lundqvist without a rebound.
7:52 of 2nd period - Ryan Getzlaf wins face-off versus Frank Vatrano in NORTH DAKOTA HAWKS zone.
7:53 of 2nd period - Shot by Patrik Laine.
7:53 of 2nd period - Shot Misses the Net.
8:17 of 2nd period - Marc Staal is hit by Ryan Getzlaf and loses puck.
8:36 of 2nd period - Shot by Filip Zadina.
8:36 of 2nd period - Stopped by Henrik Lundqvist without a rebound.
8:37 of 2nd period - Filip Zadina wins face-off versus Nick Suzuki in NORTH DAKOTA HAWKS zone.
8:59 of 2nd period - Icing by Brenden Dillon.
9:00 of 2nd period - Derick Brassard wins face-off versus Nic Dowd in REGINA FALCONS zone.
9:25 of 2nd period - Shot by Frank Vatrano.
9:25 of 2nd period - Shot Misses the Net.
9:36 of 2nd period - Icing by Nic Dowd.
9:37 of 2nd period - Nic Dowd wins face-off versus Jonathan Miller in NORTH DAKOTA HAWKS zone.
9:37 of 2nd period - Nic Dowd is hit by Jonathan Miller.
10:00 of 2nd period - Shot by David Pastrnak.
10:00 of 2nd period - Shot Misses the Net.
10:10 of 2nd period - Shot by Jonathan Miller.
10:10 of 2nd period - Shot Misses the Net.
10:29 of 2nd period - Off-side.
10:30 of 2nd period - Brandon Sutter wins face-off versus Ryan Getzlaf in neutral zone.
10:49 of 2nd period - Dougie Hamilton is hit by Ryan Getzlaf and loses puck.
11:08 of 2nd period - Shot by Craig Smith.
11:08 of 2nd period - Stopped by Anton Khudobin without a rebound.
11:09 of 2nd period - Cody Eakin wins face-off versus Derick Brassard in REGINA FALCONS zone.
11:30 of 2nd period - Shot by Cody Eakin.
11:30 of 2nd period - Shot Blocked by Brenden Dillon.
11:33 of 2nd period - Minor Penalty to Brenden Dillon for Hooking.
11:34 of 2nd period - Nick Suzuki wins face-off versus Denis Malgin in REGINA FALCONS zone.
12:25 of 2nd period - Icing by Dougie Hamilton.
12:26 of 2nd period - Jonathan Miller wins face-off versus Nick Suzuki in NORTH DAKOTA HAWKS zone.
13:26 of 2nd period - Icing by Quinton Hughes.
13:27 of 2nd period - Denis Malgin wins face-off versus Ryan Carpenter in NORTH DAKOTA HAWKS zone.
14:04 of 2nd period - Shot by Matthew Nieto.
14:04 of 2nd period - Shot Misses the Net.
14:09 of 2nd period - Off-side.
14:10 of 2nd period - Denis Malgin wins face-off versus Nic Dowd in neutral zone.
14:10 of 2nd period - Denis Malgin is hit by Nic Dowd.
14:13 of 2nd period - Derick Brassard is hit by Ryan Lindgren and loses puck.
14:27 of 2nd period - Frank Vatrano is hit by Brent Burns and loses puck.
14:31 of 2nd period - Frank Vatrano is hit by Brandon Carlo and loses puck.
15:41 of 2nd period - Icing by Marc-Edouard Vlasic.
15:42 of 2nd period - Jonathan Miller wins face-off versus Brandon Sutter in REGINA FALCONS zone.
15:54 of 2nd period - Icing by Johnny Boychuk.
15:55 of 2nd period - Ryan Getzlaf wins face-off versus Brandon Sutter in NORTH DAKOTA HAWKS zone.
16:20 of 2nd period - Shot by Dillon Dube.
16:20 of 2nd period - Stopped by Anton Khudobin without a rebound.
16:21 of 2nd period - Derick Brassard wins face-off versus Luke Kunin in REGINA FALCONS zone.
16:31 of 2nd period - Brent Burns is hit by Luke Kunin.
16:34 of 2nd period - Icing by Dougie Hamilton.
16:35 of 2nd period - Nick Suzuki wins face-off versus Jonathan Miller in NORTH DAKOTA HAWKS zone.
16:44 of 2nd period - Shot by Dougie Hamilton.
16:44 of 2nd period - Stopped by Anton Khudobin with a rebound.
16:47 of 2nd period - Icing by Anton Stralman.
16:48 of 2nd period - Brandon Sutter wins face-off versus Jonathan Miller in REGINA FALCONS zone.
16:59 of 2nd period - Shot by Brandon Sutter.
16:59 of 2nd period - Stopped by Anton Khudobin with a rebound.
17:37 of 2nd period - Icing by Johnny Boychuk.
17:38 of 2nd period - Ryan Getzlaf wins face-off versus Dillon Dube in NORTH DAKOTA HAWKS zone.
17:45 of 2nd period - Shot by Ryan Getzlaf.
17:45 of 2nd period - Shot Misses the Net.
18:09 of 2nd period - Shot by Ryan Getzlaf.
18:09 of 2nd period - Stopped by Henrik Lundqvist with a rebound.
18:40 of 2nd period - Shot by Frank Vatrano.
18:40 of 2nd period - Stopped by Anton Khudobin with a rebound.
18:42 of 2nd period - Shot by Nic Dowd.
18:42 of 2nd period - Stopped by Anton Khudobin without a rebound.
18:43 of 2nd period - Jonathan Miller wins face-off versus Nick Suzuki in REGINA FALCONS zone.
18:47 of 2nd period - David Pastrnak is hit by Luke Kunin and loses puck.
Goals for this period are 1 for NORTH DAKOTA HAWKS vs 0 for REGINA FALCONS.
Shots for this period are 9 for NORTH DAKOTA HAWKS vs 7 for REGINA FALCONS.

3rd period


0:01 of 3rd period - Jonathan Miller wins face-off versus Cody Eakin in neutral zone.
0:10 of 3rd period - Shot by Jonathan Miller.
0:10 of 3rd period - Stopped by Henrik Lundqvist without a rebound.
0:11 of 3rd period - Ryan Getzlaf wins face-off versus Nick Suzuki in NORTH DAKOTA HAWKS zone.
0:18 of 3rd period - Shot by Jonathan Audy-Marchessault.
0:18 of 3rd period - Stopped by Henrik Lundqvist without a rebound.
0:19 of 3rd period - Jonathan Miller wins face-off versus Nic Dowd in NORTH DAKOTA HAWKS zone.
1:02 of 3rd period - Icing by Quinton Hughes.
1:03 of 3rd period - Nic Dowd wins face-off versus Ryan Getzlaf in NORTH DAKOTA HAWKS zone.
1:03 of 3rd period - Nic Dowd is hit by Patrik Laine.
1:12 of 3rd period - Icing by Erik Johnson.
1:13 of 3rd period - Nick Suzuki wins face-off versus Ryan Getzlaf in REGINA FALCONS zone.
1:44 of 3rd period - Shot by Ryan Getzlaf.
1:44 of 3rd period - Stopped by Henrik Lundqvist without a rebound.
1:45 of 3rd period - Max Pacioretty wins face-off versus Cody Eakin in NORTH DAKOTA HAWKS zone.
2:36 of 3rd period - Off-side.
2:37 of 3rd period - Ryan Getzlaf wins face-off versus Nick Suzuki in neutral zone.
3:59 of 3rd period - Minor Penalty to Dougie Hamilton for Hooking.
4:00 of 3rd period - Frank Vatrano wins face-off versus Jonathan Miller in NORTH DAKOTA HAWKS zone.
4:28 of 3rd period - Max Pacioretty is hit by Marc Staal and loses puck.
4:39 of 3rd period - Shot by David Pastrnak.
4:39 of 3rd period - Deflect By Max Pacioretty.
4:39 of 3rd period - Stopped by Henrik Lundqvist without a rebound.
4:40 of 3rd period - Ryan Getzlaf wins face-off versus Ryan Carpenter in NORTH DAKOTA HAWKS zone.
4:55 of 3rd period - Shot by Ryan Getzlaf.
4:55 of 3rd period - Stopped by Henrik Lundqvist without a rebound.
4:56 of 3rd period - Jonathan Miller wins face-off versus Brandon Sutter in NORTH DAKOTA HAWKS zone.
5:24 of 3rd period - Shot by Brandon Carlo.
5:24 of 3rd period - Shot Blocked by Ryan Lindgren.
6:39 of 3rd period - Shot by Derick Brassard.
6:39 of 3rd period - Stopped by Henrik Lundqvist without a rebound.
6:40 of 3rd period - Ryan Getzlaf wins face-off versus Nic Dowd in NORTH DAKOTA HAWKS zone.
6:52 of 3rd period - Off-side.
6:53 of 3rd period - Jonathan Miller wins face-off versus Cody Eakin in neutral zone.
7:05 of 3rd period - Shot by David Pastrnak.
7:05 of 3rd period - Stopped by Henrik Lundqvist without a rebound.
7:06 of 3rd period - Ryan Getzlaf wins face-off versus Brandon Sutter in NORTH DAKOTA HAWKS zone.
7:15 of 3rd period - Shot by Jonathan Audy-Marchessault.
7:15 of 3rd period - Shot Misses the Net.
8:01 of 3rd period - Shot by Zack Kassian.
8:01 of 3rd period - Shot Misses the Net.
8:35 of 3rd period - Shot by Jonathan Miller.
8:35 of 3rd period - Stopped by Henrik Lundqvist with a rebound.
8:52 of 3rd period - Icing by Marc Staal.
8:53 of 3rd period - Derick Brassard wins face-off versus Nic Dowd in NORTH DAKOTA HAWKS zone.
9:41 of 3rd period - Icing by Craig Smith.
9:42 of 3rd period - Max Pacioretty wins face-off versus Craig Smith in NORTH DAKOTA HAWKS zone.
9:55 of 3rd period - Shot by Jonathan Miller.
9:55 of 3rd period - Stopped by Henrik Lundqvist with a rebound.
10:04 of 3rd period - Shot by David Pastrnak.
10:04 of 3rd period - Shot Misses the Net.
11:01 of 3rd period - Icing by Erik Johnson.
11:02 of 3rd period - Ryan Getzlaf wins face-off versus Nick Suzuki in REGINA FALCONS zone.
11:22 of 3rd period - Shot by Jonathan Audy-Marchessault.
11:22 of 3rd period - Deflect By Patrik Laine.
11:22 of 3rd period - Stopped by Henrik Lundqvist without a rebound.
11:23 of 3rd period - Cody Eakin wins face-off versus Derick Brassard in NORTH DAKOTA HAWKS zone.
11:38 of 3rd period - Shot by Derick Brassard.
11:38 of 3rd period - Shot Blocked by Marc Staal.
11:40 of 3rd period - Shot by Filip Zadina.
11:40 of 3rd period - Stopped by Henrik Lundqvist without a rebound.
11:41 of 3rd period - Jonathan Miller wins face-off versus Nick Suzuki in NORTH DAKOTA HAWKS zone.
12:28 of 3rd period - Shot by David Pastrnak.
12:28 of 3rd period - Shot Blocked by Dougie Hamilton.
12:30 of 3rd period - Shot by Brent Burns.
12:30 of 3rd period - Stopped by Henrik Lundqvist with a rebound.
12:55 of 3rd period - Icing by Anton Stralman.
12:56 of 3rd period - Nic Dowd wins face-off versus Ryan Getzlaf in REGINA FALCONS zone.
13:07 of 3rd period - Shot by Jonathan Audy-Marchessault.
13:07 of 3rd period - Shot Blocked by Johnny Boychuk.
13:29 of 3rd period - Shot by Patrik Laine.
13:29 of 3rd period - Shot Misses the Net.
13:31 of 3rd period - Shot by Ryan Getzlaf.
13:31 of 3rd period - Stopped by Henrik Lundqvist without a rebound.
13:32 of 3rd period - Cody Eakin wins face-off versus Derick Brassard in NORTH DAKOTA HAWKS zone.
13:38 of 3rd period - Matthew Nieto is hit by Corey Perry and loses puck.
13:43 of 3rd period - Shot by Filip Zadina.
13:43 of 3rd period - Stopped by Henrik Lundqvist with a rebound.
13:47 of 3rd period - Shot by Corey Perry.
13:47 of 3rd period - Shot Blocked by Martin Marincin.
13:57 of 3rd period - Shot by Filip Zadina.
13:57 of 3rd period - Stopped by Henrik Lundqvist without a rebound.
13:58 of 3rd period - Jonathan Miller wins face-off versus Brandon Sutter in NORTH DAKOTA HAWKS zone.
14:09 of 3rd period - Shot by Craig Smith.
14:09 of 3rd period - Shot Misses the Net.
14:11 of 3rd period - Shot by Johnny Boychuk.
14:11 of 3rd period - Stopped by Anton Khudobin without a rebound.
14:12 of 3rd period - Ryan Getzlaf wins face-off versus Nic Dowd in REGINA FALCONS zone.
16:38 of 3rd period - Off-side.
16:39 of 3rd period - Nick Suzuki wins face-off versus Ryan Getzlaf in neutral zone.
17:02 of 3rd period - Shot by Luke Kunin.
17:02 of 3rd period - Shot Misses the Net.
17:25 of 3rd period - Off-side.
17:26 of 3rd period - Derick Brassard wins face-off versus Brandon Sutter in neutral zone.
17:26 of 3rd period - Minor Penalty to Corey Perry for Tripping.
17:26 of 3rd period - Minor Penalty to Craig Smith for High sticking.
17:27 of 3rd period - Ryan Getzlaf wins face-off versus Brandon Sutter in neutral zone.
17:52 of 3rd period - Shot by Zack Kassian.
17:52 of 3rd period - Deflect By Brandon Sutter.
17:52 of 3rd period - Stopped by Anton Khudobin without a rebound.
17:53 of 3rd period - Jonathan Miller wins face-off versus Nick Suzuki in REGINA FALCONS zone.
17:55 of 3rd period - Minor Penalty to Alex Killorn for Slashing.
17:56 of 3rd period - Ryan Carpenter wins face-off versus Ryan Getzlaf in NORTH DAKOTA HAWKS zone.
17:56 of 3rd period - Ryan Carpenter is hit by Ryan Getzlaf.
18:03 of 3rd period - Icing by Erik Johnson.
18:04 of 3rd period - Ryan Getzlaf wins face-off versus Brandon Sutter in REGINA FALCONS zone.
18:13 of 3rd period - Shot by David Pastrnak.
18:13 of 3rd period - Shot Blocked by Marc Staal.
18:35 of 3rd period - Shot by Ryan Getzlaf.
18:35 of 3rd period - Goal by Ryan Getzlaf - NORTH DAKOTA HAWKS : 2 - REGINA FALCONS : 2.
18:36 of 3rd period - Jonathan Miller wins face-off versus Nick Suzuki in neutral zone.
18:54 of 3rd period - Off-side.
18:55 of 3rd period - Brandon Sutter wins face-off versus Ryan Getzlaf in neutral zone.
Goals for this period are 0 for NORTH DAKOTA HAWKS vs 1 for REGINA FALCONS.
Shots for this period are 2 for NORTH DAKOTA HAWKS vs 16 for REGINA FALCONS.

Overtime #1


0:01 of 1st overtime period - Jonathan Miller wins face-off versus Nick Suzuki in neutral zone.
0:14 of 1st overtime period - Shot by Brent Burns.
0:14 of 1st overtime period - Shot Misses the Net.
0:16 of 1st overtime period - Shot by Jonathan Miller.
0:16 of 1st overtime period - Stopped by Henrik Lundqvist with a rebound.
0:40 of 1st overtime period - Shot by Ryan Getzlaf.
0:40 of 1st overtime period - Shot Misses the Net.
0:48 of 1st overtime period - Shot by Jonathan Miller.
0:48 of 1st overtime period - Stopped by Henrik Lundqvist with a rebound.
0:50 of 1st overtime period - Shot by Jonathan Miller.
0:50 of 1st overtime period - Shot Misses the Net.
1:26 of 1st overtime period - Shot by David Pastrnak.
1:26 of 1st overtime period - Shot Blocked by Dougie Hamilton.
1:28 of 1st overtime period - Shot by Max Pacioretty.
1:28 of 1st overtime period - Shot Misses the Net.
1:30 of 1st overtime period - Shot by Max Pacioretty.
1:30 of 1st overtime period - Shot Hit the Post.
1:32 of 1st overtime period - Shot by Erik Johnson.
1:32 of 1st overtime period - Stopped by Henrik Lundqvist with a rebound.
1:40 of 1st overtime period - Shot by Max Pacioretty.
1:40 of 1st overtime period - Stopped by Henrik Lundqvist without a rebound.
1:41 of 1st overtime period - Jonathan Miller wins face-off versus Ryan Carpenter in NORTH DAKOTA HAWKS zone.
1:51 of 1st overtime period - Off-side.
1:52 of 1st overtime period - Jonathan Miller wins face-off versus Nick Suzuki in neutral zone.
1:56 of 1st overtime period - Off-side.
1:57 of 1st overtime period - Jonathan Miller wins face-off versus Nick Suzuki in neutral zone.
2:37 of 1st overtime period - Icing by Brent Burns.
2:38 of 1st overtime period - Frank Vatrano wins face-off versus Jonathan Miller in REGINA FALCONS zone.
2:41 of 1st overtime period - Shot by Frank Vatrano.
2:41 of 1st overtime period - Shot Misses the Net.
2:43 of 1st overtime period - Shot by Dougie Hamilton.
2:43 of 1st overtime period - Shot Blocked by Jonathan Miller.
3:57 of 1st overtime period - Shot by Max Pacioretty.
3:57 of 1st overtime period - Shot Misses the Net.
3:59 of 1st overtime period - Shot by Erik Johnson.
3:59 of 1st overtime period - Shot Misses the Net.
4:48 of 1st overtime period - Shot by Patrik Laine.
4:48 of 1st overtime period - Shot Misses the Net.
4:50 of 1st overtime period - Shot by Anton Stralman.
4:50 of 1st overtime period - Shot Misses the Net.
4:52 of 1st overtime period - Shot by Derick Brassard.
4:52 of 1st overtime period - Stopped by Henrik Lundqvist with a rebound.
4:54 of 1st overtime period - Shot by Anton Stralman.
4:54 of 1st overtime period - Stopped by Henrik Lundqvist with a rebound.
4:58 of 1st overtime period - Shot by Patrik Laine.
4:58 of 1st overtime period - Shot Misses the Net.
Goals for this period are 0 for NORTH DAKOTA HAWKS vs 0 for REGINA FALCONS.
Shots for this period are 0 for NORTH DAKOTA HAWKS vs 6 for REGINA FALCONS.

ShootOut


5:00 of 1st overtime period - Round #1.
5:00 of 1st overtime period - NORTH DAKOTA HAWKS, Nick Suzuki.
5:00 of 1st overtime period - Goal by Nick Suzuki.
5:00 of 1st overtime period - REGINA FALCONS, Jonathan Miller.
5:00 of 1st overtime period - Stopped by Henrik Lundqvist.
5:00 of 1st overtime period - Round #2.
5:00 of 1st overtime period - NORTH DAKOTA HAWKS, Alex Killorn.
5:00 of 1st overtime period - Goal by Alex Killorn.
5:00 of 1st overtime period - REGINA FALCONS, Ryan Getzlaf.
5:00 of 1st overtime period - Stopped by Henrik Lundqvist.
5:00 of 1st overtime period - Round #3.


SCOTT
LAUGHTON
IGOR
SHESTERKIN
ALEX
TUCH

EAST COAST

HOCKEY LEAGUE

  • 9.CHI2QUE6
  • 10.LIM2CHA3
  • 11.LON6TRV4
  • 12.BAL3CHW2
  • 13.MANPIT
  • 14.NHWATL
  • 15.PETWOR
  • 16.RHI